 Dungeon Crawl Stone Soup version 0.27-a0-773-gaaee5cf45b (webtiles) character file.

Game seed: 18227315323483933160

252 sleeves the Conjurer (level 6, 0/44 HPs)
             Began as a Naga Conjurer on Mar 25, 2021.
             Was an Initiate of Hepliaklqana.
             Slain by an orc
             ... wielding a +0 dagger
              (2 damage)
             ... on level 4 of the Dungeon.
             The game lasted 00:05:30 (3629 turns).

sleeves the Conjurer (Naga Conjurer)                Turns: 3629, Time: 00:05:31

Health: 0/44       AC:  6    Str:  9    XL:     6   Next: 14%
Magic:  2/11       EV:  9    Int: 21    God:    Hepliaklqana [......]
Gold:   228        SH:  0    Dex:  9    Spells: 9/12 levels left

rFire    . . .     SeeInvis +   k - +2 trident (pain)
rCold    . . .     Faith    .   (no shield)
rNeg     . . .     Spirit   .   a - +0 robe
rPois    +         Reflect  .   e - +0 helmet
rElec    .         Harm     .   g - +0 cloak
rCorr    .         Rampage  .   l - +0 pair of gloves
Will     .....                  (no barding)
Stlth    ++........             (no amulet)
HPRegen  0.14/turn              (no ring)
MPRegen  0.12/turn              (no ring)

@: very slow
A: reduced essence, AC +2, large, see invisible, deformed body, poison
resistance, slowness 2, spit poison 1, naga tail 1
a: Spit Poison, Renounce Religion, Recall Ancestor, Ancestor Identity


You were on level 4 of the Dungeon.
You worshipped Hepliaklqana.
Hepliaklqana was noncommittal.
You visited 1 branch of the dungeon, and saw 4 of its levels.

You collected 228 gold pieces.

Inventory:

Hand Weapons
 h - a +0 spear
   (You found it on level 2 of the Dungeon)
 k - a +2 trident of pain (weapon)
   (You took it off an orc on level 3 of the Dungeon)
Armour
 a - a +0 robe (worn)
 e - a +0 helmet (worn)
   (You found it on level 1 of the Dungeon)
 g - a +0 cloak (worn)
   (You found it on level 2 of the Dungeon)
 l - a +0 pair of gloves (worn)
   (You found it on level 3 of the Dungeon)
Wands
 j - a wand of digging (4)
   (You found it on level 3 of the Dungeon)
Scrolls
 b - a scroll of immolation {unknown}
 c - 4 scrolls of teleportation {unknown}
 d - 3 scrolls of identify {unknown}
 i - a scroll of brand weapon {unknown}
 n - a scroll of holy word {unknown}
Potions
 m - a potion of might {unknown}
 o - a potion of heal wounds {unknown}


   Skills:
 - Level 1.5 Dodging
 - Level 3.0 Stealth
 + Level 3.6 Spellcasting
 * Level 6.3 Conjurations


You had 9 spell levels left.
You knew the following spells:

 Your Spells              Type           Power      Damage    Failure   Level
a - Magic Dart            Conj           100%       1d8       1%          1
b - Searing Ray           Conj           60%        3d5       1%          2

Your spell library contained the following spells:

 Spells                   Type           Power      Damage    Failure   Level
 Dazzling Flash           Conj/Hex       34%        N/A       10%         3
 Fulminant Prism          Conj/Hex       8%         3d7       32%         4
 Iskenderun's Mystic Bla  Conj/Tloc      17%        2d5       32%         4
 Confusing Touch          Hex            3%         N/A       36%         3
 Gell's Gravitas          Tloc           1%         N/A       36%         3
 Petrify                  Tmut/Erth      3%         N/A       77%         4
 Metabolic Englaciation   Hex/Ice        1%         N/A       98%         5
 Yara's Violent Unravell  Hex/Tmut       1%         3d3       98%         5


Dungeon Overview and Level Annotations

Branches:
Dungeon (4/15)
 Temple: D:4-7

Altars:
Fedhas
Hepliaklqana

Shops:
D:3 =


Innate Abilities, Weirdness & Mutations

Your life essence is reduced to manifest your ancestor. (-10% HP)
Your serpentine skin is tough. (AC +2)
You have supernaturally acute eyesight. (SInv)
Armour fits poorly on your strangely shaped body.
Your system is resistant to poisons. (rPois)
You cover ground very slowly.
You can spit poison.
You have a snake-like lower body.


Message History

A giant cockroach is nearby!
A giant cockroach is nearby!
The magic dart hits the giant cockroach but does no damage.
The magic dart hits the giant cockroach.
The giant cockroach is almost dead.
A kobold comes into view. It is wielding a +0 dagger.
The magic dart hits the giant cockroach.
You kill the giant cockroach!
The kobold shouts!
You can't see any susceptible monsters within range! (Use Z to cast anyway.)
You can't see any susceptible monsters within range! (Use Z to cast anyway.) Unknown command.
A kobold is nearby!
A kobold is nearby!
The magic dart hits the kobold.
You kill the kobold!
You can't see any susceptible monsters within range! (Use Z to cast anyway.)
Found 5 boomerangs.
c - 3 scrolls labelled BIUMOI BUT BYH (gained 1)
You see here a quokka skeleton.
You open the door.
A rat comes into view.
A rat is nearby!
The magic dart hits the rat.
You kill the rat!
You can't see any susceptible monsters within range! (Use Z to cast anyway.)
You can't see any susceptible monsters within range! (Use Z to cast anyway.)
There is an open door here.
You open the door.
There is an open door here.
You now have 44 gold pieces (gained 13).
You see here 2 javelins.
You see here a quokka skeleton.
Found a club.
You see here a +0 club.
You open the door.
There is an open door here.
A dart slug comes into view.
A dart slug is nearby!
The magic dart hits the dart slug.
The dart slug is moderately wounded.
The magic dart hits the dart slug.
The dart slug is severely wounded.
The magic dart hits the dart slug.
The dart slug is almost dead.
A dart slug is nearby!
A dart slug is nearby!
The magic dart hits the dart slug!
You kill the dart slug!
You see here a dart slug corpse.
Found a stone staircase leading down.
There is a stone staircase leading down here.
You open the door.
Found a mace.
There is an open door here.
You open the door.
There is an open door here.
Found a hunting sling.
You see here a +0 hunting sling.
You open the door.
There is an open door here.
d - a scroll labelled VAANIGIOFI You open the door.
There is an open door here.
Found a stone staircase leading down.
Found an escape hatch in the floor.
There is an escape hatch in the floor here.
There is a stone staircase leading down here.
There is a stone staircase leading down here.
There is an escape hatch in the floor here.
There is an open door here.
You now have 53 gold pieces (gained 9).
A giant cockroach comes into view.
Found a helmet.
A giant cockroach is nearby!
A giant cockroach is nearby!
A giant cockroach is nearby!
The magic dart hits the giant cockroach.
You kill the giant cockroach!
You can't see any susceptible monsters within range! (Use Z to cast anyway.)
You can't see any susceptible monsters within range! (Use Z to cast anyway.)
e - a +0 helmet You start putting on your armour.
You continue putting on your +0 helmet. x4
You finish putting on your +0 helmet.
Done exploring.
Done exploring.
Done exploring.
Done exploring.
(D) Dungeon
Where to? (? - help)
There is a stone staircase leading down here.
You climb downwards.
There is a stone staircase leading up here.
A bat comes into view.
A bat is nearby!
A bat is nearby!
The magic dart hits the bat.
The bat is moderately wounded.
The magic dart hits the bat.
You kill the bat!
Magic restored.
You see here a bat corpse.
f - a dark potion You now have 64 gold pieces (gained 11).
A ball python comes into view.
A ball python is nearby!
A ball python is nearby!
The magic dart hits the ball python.
The ball python is moderately wounded.
The ball python hisses angrily.
The magic dart hits the ball python.
You kill the ball python!
You can't see any susceptible monsters within range! (Use Z to cast anyway.)
A bat comes into view.
A bat is nearby!
A bat is nearby!
The magic dart hits the bat.
You kill the bat!
You can't see any susceptible monsters within range! (Use Z to cast anyway.)
You can't see any susceptible monsters within range! (Use Z to cast anyway.)
A rat comes into view.
You see here a +0 cloak.
A rat is nearby!
The magic dart hits the rat.
You kill the rat!
You can't see any susceptible monsters within range! (Use Z to cast anyway.)
g - a +0 cloak You start putting on your armour.
You continue putting on your +0 cloak. x4
You finish putting on your +0 cloak.
You see here a rat corpse.
A worm and a hobgoblin come into view.
The hobgoblin shouts!
Found 34 gold pieces and a scale mail.
There are monsters nearby!
There are monsters nearby!
There are monsters nearby!
You miscast Magic Dart.
You are very lightly contaminated with residual magic.
Nothing appears to happen.
The magic dart hits the worm.
The worm is lightly wounded.
The magic dart hits the worm but does no damage.
The worm is lightly wounded.
A hobgoblin comes into view.
You miscast Magic Dart.
Nothing appears to happen.
The hobgoblin shouts!
You see here a rat corpse.
The hobgoblin hits you.
Press: ? - help, Shift-Dir - straight line, f/p - hobgoblin
Aim: a hobgoblin You fail to use your ability.
The hobgoblin closely misses you.
Your magical contamination has completely faded away.
The hobgoblin closely misses you.
Press: ? - help, Shift-Dir - straight line, f/p - hobgoblin
Aim: a hobgoblin The splash of poison hits the hobgoblin.
The hobgoblin is poisoned.
The hobgoblin is moderately wounded.
The hobgoblin hits you but does no damage.
The hobgoblin closely misses you.
You have got your breath back.
The hobgoblin hits you. The hobgoblin barely misses you.
Press: ? - help, Shift-Dir - straight line, f/p - hobgoblin
Aim: a hobgoblin (almost dead)
You fail to use your ability.
The hobgoblin barely misses you.
The magic dart hits the hobgoblin.
You kill the hobgoblin!
Press: ? - help, Shift-Dir - straight line, f - hobgoblin
Aim: a hobgoblin The splash of poison hits the hobgoblin.
You kill the hobgoblin!
Unknown command.
The magic dart hits the worm.
The worm is moderately wounded.
The magic dart hits the worm.
The worm is moderately wounded.
The magic dart hits the worm.
The worm is severely wounded.
The magic dart hits the worm.
The worm is severely wounded.
* * * LOW MAGIC WARNING * * *
You have got your breath back.
The worm bites you.
Press: ? - help, Shift-Dir - straight line, f/p - worm
Aim: a worm (heavily wounded)
The splash of poison hits the worm.
The worm is severely wounded.
Okay, then.
You have got your breath back.
You see here a bat corpse.
Press: ? - help, Shift-Dir - straight line, f/p - worm
Aim: a worm The splash of poison hits the worm.
The worm is poisoned.
The worm is lightly wounded.
The magic dart hits the worm.
The worm is heavily wounded.
The magic dart hits the worm.
The worm is heavily wounded.
You have got your breath back.
The magic dart hits the worm but does no damage.
The worm is severely wounded.
The magic dart hits the worm.
The worm is severely wounded.
* * * LOW MAGIC WARNING * * *
The magic dart hits the worm.
You kill the worm!
* * * LOW MAGIC WARNING * * *
HP restored.
You open the door.
A hobgoblin comes into view.
Found 2 dark potions.
A hobgoblin is nearby!
A hobgoblin is nearby!
A hobgoblin is nearby!
The magic dart hits the hobgoblin.
The hobgoblin is almost dead.
The hobgoblin shouts!
The magic dart hits the hobgoblin.
You kill the hobgoblin!
A quokka comes into view.
A quokka is nearby!
A quokka is nearby!
A quokka is nearby!
The magic dart hits the quokka.
You kill the quokka!
You can't see any susceptible monsters within range! (Use Z to cast anyway.)
You can't see any susceptible monsters within range! (Use Z to cast anyway.)
There is an open door here.
You see here a hobgoblin corpse.
f - 3 dark potions (gained 2)
You open the door.
There is an open door here.
An endoplasm comes into view.
An endoplasm is nearby!
An endoplasm is nearby!
The magic dart hits the endoplasm.
The endoplasm is lightly wounded.
The endoplasm quivers.
You can't see any susceptible monsters within range! (Use Z to cast anyway.)
You can't see any susceptible monsters within range! (Use Z to cast anyway.)
An endoplasm is nearby!
An endoplasm is nearby!
The magic dart hits the endoplasm.
You kill the endoplasm!
You can't see any susceptible monsters within range! (Use Z to cast anyway.)
You can't see any susceptible monsters within range! (Use Z to cast anyway.)
c - 4 scrolls labelled BIUMOI BUT BYH (gained 1)
Found a stone staircase leading down.
There is a stone staircase leading down here.
A ball python comes into view.
A ball python is nearby!
The magic dart hits the ball python.
The ball python is severely wounded.
You can't see any susceptible monsters within range! (Use Z to cast anyway.)
A ball python is nearby!
A ball python is nearby!
A ball python is nearby!
The magic dart hits the ball python.
You kill the ball python!
You open the door.
There is an open door here.
You see here a quokka corpse.
You open the door.
There is an open door here.
Found a stone staircase leading up.
An orc comes into view. It is wielding a +0 mace.
Found a spear.
An orc is nearby!
An orc is nearby!
The magic dart hits the orc!
You kill the orc!
You can't see any susceptible monsters within range! (Use Z to cast anyway.)
Things that are here:
a +0 mace; an orc corpse You see here a +0 spear.
A rat comes into view.
The magic dart hits the rat.
You kill the rat!
You now have 69 gold pieces (gained 5).
Found a stone staircase leading down.
You can't see any susceptible monsters within range! (Use Z to cast anyway.)
A kobold comes into view. It is wielding a +0 club.
The kobold shouts!
You hear a bark!
The magic dart hits the kobold.
The kobold is severely wounded.
The magic dart hits the kobold.
You kill the kobold!
A jackal comes into view.
The magic dart hits the jackal.
The jackal is severely wounded.
The jackal barks!
The magic dart hits the jackal.
You kill the jackal!
An adder comes into view.
Your Conjurations skill increases to level 5!
The magic dart hits the adder.
The adder is lightly wounded.
The adder hisses angrily.
A jackal comes into view.
The jackal moves out of view.
The magic dart hits the adder.
The adder is severely wounded.
* * * LOW MAGIC WARNING * * *
Press: ? - help, Shift-Dir - straight line, f/p - adder
Aim: an adder (severely wounded)
The splash of poison hits the adder!
The adder is poisoned.
You kill the adder!
You have reached level 4!
You feel clever.
You have got your breath back.
You see here a +0 spear.
h - a +0 spear
h - a +0 spear (weapon)
As you open the door, it creaks loudly!
There is an open door here.
You open the door.
There is an open door here.
Found a whip.
You now have 88 gold pieces (gained 19).
Things that are here:
a +0 club; a kobold corpse
There is a stone staircase leading down here.
You see here an adder corpse.
i - a scroll labelled YLADUWK XAPISY You pick up a book of Misfortune and begin reading...
You add the spells Confusing Touch, Gell's Gravitas, Petrify, Metabolic Englaciation and Yara's Violent Unravelling to your library.
An adder comes into view.
The adder hisses angrily.
Found a stone staircase leading down.
An adder is nearby!
An adder is nearby!
The magic dart hits the adder.
The adder is moderately wounded.
The magic dart hits the adder.
The adder is heavily wounded.
Press: ? - help, Shift-Dir - straight line, f/p - adder
Aim: an adder (heavily wounded)
The splash of poison hits the adder.
The adder is poisoned.
The adder is severely wounded.
The adder barely misses you.
An adder is nearby!
The magic dart hits the adder.
You kill the adder!
A jackal is nearby!
A jackal is nearby!
The magic dart hits the jackal.
The jackal is moderately wounded.
The jackal barks!
You have got your breath back.
The magic dart hits the jackal.
The jackal is heavily wounded.
The magic dart hits the jackal but does no damage.
The jackal is moderately wounded.
The magic dart hits the jackal.
You kill the jackal!
* * * LOW MAGIC WARNING * * *
You start resting.
Magic restored.
You see here a jackal corpse.
You open the door.
There is an open door here.
You now have 97 gold pieces (gained 9).
You open the door.
There is an open door here.
A hobgoblin comes into view.
A hobgoblin is nearby!
A hobgoblin is nearby!
The magic dart hits the hobgoblin but does no damage.
The hobgoblin shouts!
You reach to attack!
You hit the hobgoblin.
The hobgoblin is severely wounded.
The magic dart hits the hobgoblin.
You kill the hobgoblin!
You open the door.
There is an open door here.
You open the door.
There is an open door here.
Found a stone staircase leading up.
d - 2 scrolls labelled VAANIGIOFI (gained 1)
There is a stone staircase leading up here.
You now have 111 gold pieces (gained 14).
There is an open door here.
There is an open door here.
You see here a jackal skeleton.
You open the door.
There is an open door here.
There is an open door here.
Key pressed, stopping explore.
There is an open door here.
There is an open door here.
You now have 121 gold pieces (gained 10).
A bat comes into view.
The bat moves out of view.
A bat is nearby!
You closely miss the bat. The bat barely misses you.
You hit the bat but do no damage. The bat hits you.
You closely miss the bat. The bat closely misses you.
The bat barely misses you. The bat closely misses you.
You hit the bat but do no damage. The bat hits you but does no damage.
You reach to attack!
You hit the bat but do no damage. The bat barely misses you.
The magic dart hits the bat.
You kill the bat!
You see here a bat corpse.
A worm comes into view.
A worm is nearby!
A worm is nearby!
The magic dart hits the worm!
The worm is heavily wounded.
The magic dart hits the worm!
The worm is almost dead.
The magic dart hits the worm.
You kill the worm!
You can't see any susceptible monsters within range! (Use Z to cast anyway.)
You see here a worm corpse.
A bat comes into view.
A bat is nearby!
A bat is nearby!
A bat is nearby!
The magic dart hits the bat.
You kill the bat!
You can't see any susceptible monsters within range! (Use Z to cast anyway.)
You can't see any susceptible monsters within range! (Use Z to cast anyway.) Memorise Searing Ray, consuming 2 spell levels and leaving 5?
You start memorising the spell.
You continue memorising. x2
You finish memorising.
Spell assigned to 'b'.
There's nothing to open nearby.
You now have 132 gold pieces (gained 11).
You see here a +0 scale mail.
You now have 146 gold pieces (gained 14).
You now have 155 gold pieces (gained 9).
You see here a +0 scale mail.
You open the door.
There is an open door here.
You now have 163 gold pieces (gained 8).
You now have 173 gold pieces (gained 10).
You open the door. You open the door. You open the door.
There is an open door here.
Key pressed, stopping explore.
There is an open door here.
There is an open door here.
Done exploring.
Done exploring.
Done exploring.
Done exploring.
Okay, then.
Done exploring.
Done exploring.
(D) Dungeon
Where to? (Enter - D:2, ? - help)
There is an open door here.
There is an open door here.
There is a stone staircase leading down here.
You climb downwards. 4 gnolls, an orc and an orc priest come into view.
The gnoll shouts! x2; The orc shouts!
The gnoll shouts!
You hear a shout!
Found a scroll labelled HASAAK TUFFO and 22 stones.
There is a stone staircase leading up here.
There are monsters nearby!
There are monsters nearby!
You climb upwards.
There is a stone staircase leading down here.
There is a stone staircase leading down here.
You climb downwards.
Found a tapered silver wand.
There is a stone staircase leading up here.
Found a dagger.
Found a blossoming altar of Fedhas.
Found an escape hatch in the ceiling and an escape hatch in the floor.
j - a wand of digging (4)
Found a war axe and a ring mail.
An adder comes into view.
The magic dart hits the adder.
The adder is moderately wounded.
The magic dart hits the adder.
The adder is almost dead.
The magic dart hits the adder.
You kill the adder!
Magic restored.
You see here an adder corpse.
You see here a +0 dagger.
You now have 185 gold pieces (gained 12).
Found a hazy altar of Hepliaklqana.
Found a hunting sling.
Found a stone staircase leading down.
d - 3 scrolls labelled VAANIGIOFI (gained 1)
A goblin comes into view. It is wielding a +0 dagger.
The goblin shouts!
The magic dart hits the goblin.
The goblin is moderately wounded.
The magic dart hits the goblin!
You kill the goblin!
You can't see any susceptible monsters within range! (Use Z to cast anyway.)
Found an orange potion.
A hobgoblin comes into view.
The hobgoblin moves out of view.
Found a chain mail.
There is a hazy altar of Hepliaklqana here.
You coil in front of the altar of Hepliaklqana.
Hepliaklqana welcomes you!
Hepliaklqana forms a fragment of your life essence into the memory of your ancestor, Appia!
You can now recall your ancestor.
You can now remember your ancestor's identity.
Remember Appia's name as what?
Mikana Yes, Mikana is definitely a better name.
Was Mikana a) male, b) female, or c) neither? (Currently female.)
Okay, then.
A hobgoblin is nearby!
Remember Mikana's name as what?
Mikana
Okay, then.
Was Mikana a) male, b) female, or c) neither? (Currently female.)
Okay, then.
The magic dart hits the hobgoblin.
You kill the hobgoblin!
You can't see any susceptible monsters within range! (Use Z to cast anyway.)
You see here a +0 hunting sling.
Found a stone staircase leading up.
There is a stone staircase leading down here.
A goblin comes into view. It is wielding a +0 dagger.
A goblin is nearby!
The magic dart hits the goblin.
You kill the goblin!
You can't see any susceptible monsters within range! (Use Z to cast anyway.)
Things that are here:
a +0 plate armour; a hobgoblin corpse A ball python comes into view.
A ball python is nearby!
A ball python is nearby!
The magic dart hits the ball python.
The ball python is moderately wounded.
The ball python hisses angrily.
The magic dart hits the ball python!
You kill the ball python!
A rat comes into view.
A rat is nearby!
A rat is nearby!
A rat is nearby!
The magic dart hits the rat.
You kill the rat!
You can't see any susceptible monsters within range! (Use Z to cast anyway.)
Found a stone staircase leading down.
A gnoll is nearby!
A gnoll is nearby!
The magic dart hits the gnoll but does no damage.
The magic dart hits the gnoll.
The gnoll is lightly wounded.
Press: ? - help, Shift-Dir - straight line, f/p - gnoll
Aim: a gnoll, wielding a +0 flail (lightly wounded, ally target)
The splash of poison hits the gnoll.
The gnoll is heavily wounded.
Really fire in your ally Mikana's direction?
Okay, then.
Mikana barely misses the gnoll.
The gnoll barely misses Mikana.
There is a stone staircase leading up here.
Reach: h) +0 spear
Press: ? - help, Dir - move target, f/p - gnoll
Aim: a gnoll, wielding a +0 flail (heavily wounded, ally target, about 40% to evade your +0 spear)
You reach to attack!
You closely miss the gnoll.
The gnoll is heavily wounded.
Mikana hits the gnoll.
The gnoll hits Mikana with a +0 flail!
Reach: h) +0 spear
Press: ? - help, Dir - move target, f/p - gnoll
Aim: a gnoll, wielding a +0 flail (severely wounded, ally target, about 40% to evade your +0 spear)
You reach to attack!
You hit the gnoll but do no damage.
The gnoll is severely wounded.
Mikana hits the gnoll.
The gnoll dies!
Mikana completely misses the gnoll.
Your Spellcasting skill increases to level 3!
Reach: h) +0 spear
Press: ? - help, Dir - move target, f - gnoll
Aim: a gnoll, wielding a +0 club (ally target, about 40% to evade your +0 spear)
You reach to attack!
You completely miss the gnoll.
You have got your breath back.
The gnoll barely misses Mikana.
Mikana misses the gnoll.
Reach: h) +0 spear
Press: ? - help, Dir - move target, f - gnoll, p - gnoll
Aim: a gnoll, wielding a +0 flail (about 40% to evade your +0 spear)
You reach to attack!
You barely miss the gnoll.
The gnoll misses Mikana.
Mikana hits the gnoll.
The gnoll hits Mikana with a +0 club.
The gnoll hits you with a +0 flail.
Mikana hits the gnoll.
You climb upwards.
There is a stone staircase leading down here.
Casting: Magic Dart (safe; 1% risk of failure)
Confirm with . or Enter, or press ? or * to list all spells.
You don't know that spell.
Unknown command.
Press: ? - help, Shift-Dir - straight line, f - gnoll
Aim: a gnoll, wielding a +0 flail The splash of poison hits the gnoll.
The gnoll is heavily wounded.
The gnoll barely misses you.
Casting: Magic Dart (safe; 1% risk of failure)
Confirm with . or Enter, or press ? or * to list all spells.
Aiming: Searing Ray (safe; 2% risk of failure)
Press: ? - help, Shift-Dir - straight line, f/p - gnoll
Aim: a gnoll, wielding a +0 flail (heavily wounded, ally target, 18% to evade)
The searing ray hits the gnoll!
You kill the gnoll! (Press . to maintain the ray.)
You have got your breath back.
Ancestor HP restored.
Magic restored.
HP restored.
Things that are here:
a +0 flail; a gnoll corpse Done exploring.
There is an open door here.
You open the door.
There is an open door here.
There is a stone staircase leading down here.
You climb downwards.
There is a stone staircase leading up here.
You now have 198 gold pieces (gained 13).
The orc shouts!
You hear a shout! x3
Found a pair of gloves.
An orc is nearby!
An orc is nearby!
An orc is nearby!
The magic dart hits the orc but does no damage.
The orc closely misses you.
A kobold comes into view. It is wielding a +0 whip.
Casting: Magic Dart (safe; 1% risk of failure)
Confirm with . or Enter, or press ? or * to list all spells.
Aiming: Searing Ray (safe; 2% risk of failure)
Press: ? - help, Shift-Dir - straight line, f/p - orc
Aim: an orc, wielding a +2 trident of pain and wearing a +0 scale mail (ally target, 18% to evade)
The searing ray hits the orc!
You kill the orc! (Press . to maintain the ray.)
A kobold is nearby!
A worm comes into view.
The orc shouts!
You hear an angry hiss.
An orc priest comes into view. It is wielding a +0 dagger.
The worm moves out of view.
Press: ? - help, Shift-Dir - straight line, f - orc priest
Aim: an orc priest, wielding a +0 hand axe The splash of poison hits the orc priest.
The orc priest is poisoned.
The orc priest is lightly wounded.
Casting: Searing Ray (safe; 2% risk of failure)
Confirm with . or Enter, or press ? or * to list all spells.
Aiming: Searing Ray (safe; 2% risk of failure)
Press: ? - help, Shift-Dir - straight line, f - orc priest, p - orc priest
Aim: an orc priest, wielding a +0 dagger (21% to evade)
The searing ray hits the orc priest!
The orc priest is severely wounded.
The searing ray hits the kobold!
You kill the kobold!
The searing ray hits the orc priest!
The orc priest is heavily wounded. (Press . to maintain the ray.)
An adder comes into view.
The orc priest calls upon Beogh to heal the orc priest.
The orc priest is healed somewhat.
The orc priest hits you but does no damage.
The adder hisses angrily.
The searing ray hits the orc priest!
You kill the orc priest!
The searing ray hits the orc priest!
You kill the orc priest!
You have got your breath back.
You have reached level 5!
The orc throws a boomerang.
The boomerang hits you.
You hit the orc but do no damage. The orc hits you with a +0 mace.
Mikana hits the orc.
You barely miss the orc.
The orc is lightly wounded.
The orc hits you with a +0 mace!
Mikana closely misses the orc.
Casting: Searing Ray (safe; 1% risk of failure)
Confirm with . or Enter, or press ? or * to list all spells.
Aiming: Searing Ray (safe; 1% risk of failure)
Press: ? - help, Shift-Dir - straight line, f - worm
Aim: a worm (7% to evade)
The searing ray hits the orc!
You kill the orc!
The searing ray hits the adder!
You kill the adder!
The searing ray hits the worm!
The worm is heavily wounded. (Press . to maintain the ray.)
* * * LOW MAGIC WARNING * * *
Your Conjurations skill increases to level 6!
The searing ray hits the worm!
You kill the worm!
* * * LOW MAGIC WARNING * * *
You now have 209 gold pieces (gained 11).
Things that are here:
a +2 trident of pain; a +0 scale mail
k - a +2 trident of pain You have a feeling of ineptitude.
k - a +2 trident of pain (weapon)
Things that are here:
a +0 hand axe; an adder corpse
Things that are here:
a +0 whip; 4 stones; a worm corpse
Found a +0 whip.
Found 24 bolts.
l - a +0 pair of gloves You start putting on your armour.
You continue putting on your +0 pair of gloves. x2
Keep equipping yourself? [Y]es or [N]o only, please.
Keep equipping yourself?
You continue putting on your +0 pair of gloves. x2
You finish putting on your +0 pair of gloves.
The magic dart hits the goblin.
You kill the goblin!
* * * LOW MAGIC WARNING * * *
You can't see any susceptible monsters within range! (Use Z to cast anyway.) Key pressed, stopping explore.
A gnoll is nearby!
A gnoll is nearby!
A gnoll is nearby!
The magic dart hits the gnoll.
The gnoll is moderately wounded.
The gnoll shouts!
The magic dart hits the gnoll.
The gnoll is heavily wounded.
The magic dart hits the gnoll.
The gnoll is almost dead.
The gnoll hits Mikana with a +0 club.
Mikana closely misses the gnoll.
The gnoll closely misses Mikana.
Mikana closely misses the gnoll.
The gnoll barely misses Mikana.
Mikana hits the gnoll.
The gnoll dies!
Mikana barely misses the gnoll.
The gnoll hits Mikana with a +0 spear.
Mikana closely misses the gnoll.
The gnoll hits Mikana with a +0 spear!
Mikana barely misses the gnoll.
The gnoll hits Mikana with a +0 spear!
Mikana is destroyed!
The magic dart hits the gnoll.
The gnoll is moderately wounded.
Casting: Magic Dart (safe; 1% risk of failure)
Confirm with . or Enter, or press ? or * to list all spells.
Aiming: Searing Ray (safe; 1% risk of failure)
Press: ? - help, Shift-Dir - straight line, f/p - gnoll
Aim: a gnoll, wielding a +0 spear (moderately wounded, 18% to evade)
The searing ray hits the gnoll!
You kill the gnoll! (Press . to maintain the ray.) HP restored.
Magic restored.
Things that are here:
a +0 dagger; an orc corpse
Found a stone staircase leading down.
You now have 222 gold pieces (gained 13).
Mikana emerges from the mists of memory!
Things that are here:
a +0 club; a +0 whip You swap places.
Things that are here:
a +0 dagger; an orc corpse
Things that are here:
a +0 whip; 4 stones; a worm corpse
Things that are here:
a +0 hand axe; an adder corpse You see here a +0 scale mail.
Things that are here:
a +0 mace; 5 boomerangs You swap places.
Things that are here:
a +0 hand axe; an adder corpse
Things that are here:
a +0 whip; 4 stones; a worm corpse You see here a +0 spear.
Things that are here:
a +0 club; a gnoll corpse
m - an emerald potion You see here a +0 chain mail.
There is a stone staircase leading up here.
Found 19 stones.
Things that are here:
a +0 dagger; a goblin skeleton An endoplasm comes into view.
An endoplasm is nearby!
The magic dart hits the endoplasm.
You kill the endoplasm!
You can't see any susceptible monsters within range! (Use Z to cast anyway.)
There is a stone staircase leading down here.
n - a scroll labelled HASAAK TUFFO
Found 20 stones.
You swap places.
Things that are here:
a +0 club; a +0 whip You swap places.
You see here a +0 spear.
Things that are here:
a +0 club; a gnoll skeleton
o - an orange potion
Found Qoniets's Jewellery Shop.
You now have 228 gold pieces (gained 6).
There is an entrance to Qoniets's Jewellery Shop here.
You can access your shopping list by pressing '$'.
You swap places.
You swap places.
You swap places.
There is a hazy altar of Hepliaklqana here.
You see here a +0 hunting sling.
There is a stone staircase leading down here.
You see here a +0 plate armour.
Done exploring.
Done exploring.
Done exploring.
Done exploring.
(D) Dungeon
Where to? (Enter - D:2 @ (x,y), ? - help)
You swap places.
You see here a +0 plate armour.
There is a stone staircase leading down here.
You climb downwards.
An adder, 2 jackals and a hobgoblin come into view.
Found 13 gold pieces.
There is a stone staircase leading up here.
The helpless adder fails to defend itself.
You puncture the adder!
The adder is almost dead.
The adder barely misses you.
You miss the adder.
The adder is almost dead.
The jackal barks!
The adder bites you.
The hobgoblin hits you but does no damage.
The adder bites you.
You are poisoned.
The adder poisons you!
Casting: Magic Dart (safe; 1% risk of failure)
Confirm with . or Enter, or press ? or * to list all spells.
Aiming: Magic Dart (safe; 1% risk of failure)
Press: ? - help, Shift-Dir - straight line, f - hobgoblin
Aim: a hobgoblin (0% to evade)
The magic dart hits the hobgoblin.
The hobgoblin is almost dead.
You feel sick. The adder bites you. The hobgoblin hits you.
Casting: Magic Dart (safe; 1% risk of failure)
Confirm with . or Enter, or press ? or * to list all spells.
Aiming: Magic Dart (safe; 1% risk of failure)
Press: ? - help, Shift-Dir - straight line, f/p - hobgoblin
Aim: a hobgoblin (almost dead, 0% to evade)
The magic dart hits the hobgoblin.
You kill the hobgoblin!
You feel sick. The adder barely misses you. The adder misses you.
Casting: Magic Dart (safe; 1% risk of failure)
Confirm with . or Enter, or press ? or * to list all spells.
Aiming: Magic Dart (safe; 1% risk of failure)
Press: ? - help, Shift-Dir - straight line, f - adder
Aim: an adder (almost dead, ally target, 0% to evade)
The magic dart hits the adder.
You kill the adder!
You feel sick.
The jackal misses Mikana.
Casting: Magic Dart (safe; 1% risk of failure)
Confirm with . or Enter, or press ? or * to list all spells.
You don't know that spell.
Reach: k) +2 trident (pain)
Press: ? - help, Dir - move target, f - jackal
Aim: a jackal (about 55% to evade your +2 trident of pain)
You could not reach far enough!
You feel sick.
You are no longer poisoned.
The jackal bites Mikana.
Mikana barely misses the jackal.
Reach: k) +2 trident (pain)
Press: ? - help, Dir - move target, f/p - jackal
Aim: a jackal (ally target, about 55% to evade your +2 trident of pain)
You reach to attack!
You hit the jackal.
You kill the jackal!
The jackal bites Mikana.
Mikana barely misses the jackal.
Reach: k) +2 trident (pain)
Press: ? - help, Dir - move target, f - jackal
Aim: a jackal (ally target, about 55% to evade your +2 trident of pain)
You could not reach far enough!
The jackal bites Mikana but does no damage. x2
Mikana hits the jackal.
Reach: k) +2 trident (pain)
Press: ? - help, Dir - move target, f/p - jackal
Aim: a jackal (severely wounded, ally target, about 55% to evade your +2 trident of pain)
You reach to attack!
You hit the jackal.
You kill the jackal!
Unknown command.
Magic restored.
HP restored.
An endoplasm comes into view.
The endoplasm quivers.
Found a stone staircase leading down.
An endoplasm is nearby!
You hit the endoplasm.
The endoplasm is heavily wounded.
The endoplasm closely misses you.
Mikana hits the endoplasm.
You hit the endoplasm.
You kill the endoplasm!
You have reached level 6!
Your experience leads to an increase in your attributes!
Increase (S)trength, (I)ntelligence, or (D)exterity?
You feel clever.
Your skin feels tougher.
Mikana remembers more of her old skill.
An orc priest comes into view.
It is wielding a +1 vorpal hand axe and wearing a +0 scale mail of positive energy.
An orc priest is nearby!
An orc priest is nearby!
An orc priest is nearby!
The magic dart hits the orc priest but does no damage.
The orc priest shouts!
The magic dart hits the orc priest but does no damage.
An orc priest comes into view. It is wielding a +0 club.
What are your orders? t - Shout!
Orders for allies: a - Attack new target. p - Attack previous target. r - Retreat! s - Stop attacking. g - Guard the area. f - Follow me.
Anything else - Cancel.
Gang up on whom?
Press: ? - help, Dir - move target, f/p - orc priest
Aim: an orc priest, wielding a +1 vorpal hand axe and wearing a +0 scale mail of positive energy (ally target) Attack!
The orc priest looks braver for a moment.
An orc comes into view. It is wielding a +0 dagger.
An orc comes into view. It is wielding a +0 trident.
Unknown command.
The orc priest hits Mikana with a +1 vorpal hand axe.
Mikana hits the orc priest.
The orc priest hits Mikana with a +1 vorpal hand axe.
Mikana hits the orc priest but does no damage.
Casting: Magic Dart (safe; 1% risk of failure)
Confirm with . or Enter, or press ? or * to list all spells.
Aiming: Searing Ray (safe; 1% risk of failure)
Press: ? - help, Shift-Dir - straight line, f - orc priest, p - orc priest
Aim: an orc priest, wielding a +0 club and wearing a +0 scale mail (18% to evade)
Okay, then.
An iguana comes into view.
The orc priest hits Mikana with a +0 club.
The orc priest invokes the aid of Beogh against you.
Beogh smites you!
Mikana hits the orc priest.
Unknown command.
Something hits Mikana.
Mikana is destroyed!
Casting: Searing Ray (safe; 1% risk of failure)
Confirm with . or Enter, or press ? or * to list all spells.
Aiming: Searing Ray (safe; 1% risk of failure)
Press: ? - help, Shift-Dir - straight line, f/p - orc priest
Aim: an orc priest, wielding a +1 vorpal hand axe and wearing a +0 scale mail of positive energy (heavily wounded, 18% to evade)
The searing ray hits the orc priest.
The orc priest is almost dead. (Press . to maintain the ray.)
The orc priest calls down the wrath of Beogh upon you.
Pain shoots through your body!
The searing ray hits the orc priest!
You kill the orc priest!
Casting: Searing Ray (safe; 1% risk of failure)
Confirm with . or Enter, or press ? or * to list all spells.
Aiming: Searing Ray (safe; 1% risk of failure)
Press: ? - help, Shift-Dir - straight line, f - orc priest
Aim: an orc priest, wielding a +0 club and wearing a +0 scale mail (18% to evade)
The searing ray hits the orc priest!
The orc priest is severely wounded. (Press . to maintain the ray.)
The searing ray hits the orc priest.
The orc priest is almost dead.
The orc hits you from afar with a +0 trident.
The orc priest hits you with a +0 club.
* * * LOW HITPOINT WARNING * * *
The searing ray hits the orc priest but does no damage.
The orc priest is almost dead.
The orc hits you from afar with a +0 trident.
* * * LOW HITPOINT WARNING * * *
The orc priest mumbles some strange prayers to Beogh against you.
Beogh smites you!
* * * LOW HITPOINT WARNING * * *
Unknown command.
Okay, then.
It was a potion of curing.
You feel better.
The orc hits you from afar with a +0 trident.
* * * LOW HITPOINT WARNING * * *
The orc priest closely misses you.
Okay, then.
You feel better.
The orc hits you from afar with a +0 trident.
* * * LOW HITPOINT WARNING * * *
The orc hits you but does no damage.
The orc priest calls down the wrath of Beogh upon you.
Beogh smites you!
* * * LOW HITPOINT WARNING * * *
You feel better. The orc barely misses you. The orc hits you with a +0 dagger.
* * * LOW HITPOINT WARNING * * *
The orc priest mumbles some strange prayers to Beogh against you.
Beogh smites you!
* * * LOW HITPOINT WARNING * * *
Okay, then.
Casting: Searing Ray (safe; 1% risk of failure)
Confirm with . or Enter, or press ? or * to list all spells.
Aiming: Searing Ray (safe; 1% risk of failure)
Press: ? - help, Shift-Dir - straight line, f/p - orc priest
Aim: an orc priest, wielding a +0 club and wearing a +0 scale mail (almost dead, 18% to evade)
The searing ray hits the orc priest.
The orc priest is almost dead.
The searing ray hits the iguana!
The iguana is severely wounded. (Press . to maintain the ray.)
The orc hits you from afar with a +0 trident.
* * * LOW HITPOINT WARNING * * *
The orc hits you with a +0 dagger.
You die...

.. #.. ...#
l...######
#..)...$#
#.ol..##
##oo..#
#.@##.#
##...# #
###....#
#....#.#
..>..##<#...
..###
#.###..# .
#†# ...# ..#
#.. ... #.


You could see an iguana, an orc priest and 2 orcs.

Vanquished Creatures
  3 orc priests
  2 gnolls
  5 adders
  3 worms
  A dart slug (D:1)
  3 orcs
  6 ball pythons
  5 endoplasms
  3 giant cockroaches (D:1)
  8 hobgoblins
  8 jackals
  4 kobolds
  3 quokkas
  5 bats
  A frilled lizard (D:1)
  5 goblins
  6 rats
71 creatures vanquished.

Vanquished Creatures (collateral kills)
  2 gnolls (D:3)
2 creatures vanquished.

Vanquished Creatures (others)
  2 ancestors
2 creatures vanquished.

Grand Total: 75 creatures vanquished

Notes
Turn   | Place    | Note
-------+----------+-------------------------------------------
     0 | D:1      | sleeves the Naga Conjurer began the quest for the Orb.
     0 | D:1      | Reached XP level 1. HP: 15/15 MP: 3/3
   115 | D:1      | Reached XP level 2. HP: 22/22 MP: 0/5
   701 | D:1      | Reached XP level 3. HP: 28/28 MP: 4/6
  1799 | D:2      | Reached skill level 5 in Conjurations
  1802 | D:2      | Reached XP level 4. HP: 36/36 MP: 0/8
  2485 | D:2      | Learned a level 2 spell: Searing Ray
  2774 | D:3      | Found a blossoming altar of Fedhas.
  2840 | D:3      | Found a hazy altar of Hepliaklqana.
  2854 | D:3      | Became a worshipper of Hepliaklqana the Forgotten
  2927 | D:3      | Reached skill level 3 in Spellcasting
  3065 | D:3      | Reached XP level 5. HP: 37/37 MP: 2/9
  3069 | D:3      | Reached skill level 6 in Conjurations
  3410 | D:3      | Found Qoniets's Jewellery Shop.
  3610 | D:4      | Reached XP level 6. HP: 44/44 MP: 11/11
  3624 | D:4      | HP: 22/44 [orc priest/+0 club (3)]
  3625 | D:4      | HP: 9/44 [orc priest/divine providence (11)]
  3629 | D:4      | HP: 2/44 [orc/+0 trident (3)]
  3629 | D:4      | Slain by an orc

Illustrated notes

Levels and vault maps discovered:
D:1:      amcnicky_arrival_feature_with_door, layout_basic, minmay_bisected
D:2:      minmay_inner_zag, layout_loops_corners
D:3:      layout_rooms, overflow_temple_1_default, fedhas_ov_isle_minmay,
          serial_shops, nicolae_shop_waterfront, st_stairs_2
D:4:      layout_rooms, marbit_many_paths

Skill      XL: |  1  2  3  4  5 |
---------------+----------------+-----
Conjurations   | 5 6 |  6.3
Spellcasting   | 3 |  3.6
Dodging        | |  1.5
Stealth        | |  3.0

Action                   |  1- 3 |  4- 6 || total
-------------------------+-------+-------++-------
Melee: Unarmed           |     7 |       ||     7
       Spear             |       |    12 ||    12
       Trident           |       |     6 ||     6
 Cast: Magic Dart        |    76 |    38 ||   114
       Searing Ray       |       |     8 ||     8
Invok: Ancestor Identity |       |     2 ||     2
 Abil: Spit Poison       |     8 |     4 ||    12
  Use: Potion            |       |     3 ||     3
 Stab: Sleeping          |       |     1 ||     1
Armor: Robe              |     3 |     4 ||     7
Dodge: Dodged            |    13 |    14 ||    27

Table legend: (Time is in decaauts)
 A = Elapsed time spent in this place.
 B = Non-inter-level travel time spent in this place.
 C = Inter-level travel time spent in this place.
 D = Time resting spent in this place.
 E = Time spent auto-exploring this place.
 F = Levels seen in this place.
 G = Mean time per level.
                   A        B        C        D        E       F      G
               +--------+--------+--------+--------+--------+-----+--------+
         Total |   4497 |   4314 |    183 |     52 |   3817 |   4 | 1124.2 |
       Dungeon |   4497 |   4314 |    183 |     52 |   3817 |   4 | 1124.2 |
               +--------+--------+--------+--------+--------+-----+--------+

Top non-repeatable levels by time:
     D:2: 2034 daAuts
     D:1: 1568 daAuts
     D:3: 753 daAuts
     D:4: 141 daAuts
